 Dungeon Crawl Stone Soup version 0.29-a0-1065-g47a6bb87d6 (webtiles) character file.

Game seed: 5777855627580153543

245 zazu2006 the Magician (level 6, -1/50 HPs)
             Began as a Naga Hedge Wizard on Aug 18, 2022.
             Slain by a phantom (3 damage)
             ... on level 4 of the Dungeon.
             The game lasted 00:08:18 (4433 turns).

zazu2006 the Magician (Naga Hedge Wizard)           Turns: 4433, Time: 00:08:19

Health: -1/50      AC:  3    Str: 13    XL:     6   Next: 10%
Magic:  6/13       EV: 10    Int: 16    God:
Gold:   225        SH:  0    Dex: 10    Spells: 5/14 levels left

rFire   . . .      SeeInvis +   m - +0 long sword
rCold   . . .      Faith    .   (no shield)
rNeg    + . .      Spirit   .   b - +0 robe
rPois   +          Reflect  .   c - +0 hat
rElec   .          Harm     .   (no cloak)
rCorr   .          Rampage  .   (no gloves)
Will    .....                   (no barding)
Stlth   ++........              (no amulet)
HPRegen 0.16/turn               o - ring of positive energy
MPRegen 0.13/turn               (no ring)

@: very slightly contaminated, very slow
A: AC +2, large, see invisible, deformed body, poison resistance, slowness 2,
spit poison 1, naga tail 1
a: Spit Poison


You were on level 4 of the Dungeon.
You visited 1 branch of the dungeon, and saw 4 of its levels.

You collected 225 gold pieces.

Inventory:

Hand Weapons
 m - a +0 long sword (weapon)
Armour
 b - a +0 robe (worn)
 c - a +0 hat (worn)
Jewellery
 o - a ring of positive energy (left hand)
Scrolls
 e - 4 scrolls of identify {unknown}
 f - a scroll of fear {unknown}
 i - a scroll of vulnerability {unknown}
 k - 4 scrolls of teleportation {unknown}
 l - a scroll of amnesia {unknown}
 n - a scroll of enchant weapon {unknown}
Potions
 a - a potion of flight {unknown}
 g - 2 potions of haste {unknown}
 h - a potion of invisibility {unknown}


   Skills:
 + Level 0.9 Fighting
 + Level 0.4 Long Blades
 + Level 1.9 Dodging
 + Level 3.6 Stealth
 + Level 4.9 Spellcasting
 + Level 2.0 Conjurations
 + Level 1.0 Summonings
 + Level 1.0 Translocations
 * Level 3.0 Poison Magic


You had 5 spell levels left.
You knew the following spells:

 Your Spells              Type           Power      Damage    Failure   Level
a - Magic Dart            Conj           40%        1d5       7%          1
b - Mephitic Cloud        Conj/Pois/Air  9%         N/A       22%         3
c - Conjure Flame         Conj/Fire      7%         6-21      30%         3
d - Blink                 Tloc           14%        N/A       16%         2

Your spell library contained the following spells:

 Spells                   Type           Power      Damage    Failure   Level
 Slow                     Hex            12%        N/A       16%         1
 Call Imp                 Summ           7%         N/A       16%         2


Dungeon Overview and Level Annotations

Branches:
Dungeon (4/15)
 Temple: D:4-7

Altars:
Ru
Sif Muna
Wu Jian

Shops:
D:1 *


Innate Abilities, Weirdness & Mutations

Your serpentine skin is tough. (AC +2)
You have supernaturally acute eyesight. (SInv)
Armour fits poorly on your strangely shaped body.
Your system is resistant to poisons. (rPois)
You cover ground very slowly.
You can spit poison.
You have a snake-like lower body.


Message History

* * * LOW HITPOINT WARNING * * *
The phantom blinks!
You blink.
Casting: Magic Dart (safe; 7% risk of failure)
Confirm with . or Enter, or press ? or * to list all spells.
You blink.
Casting: Blink (safe; 16% risk of failure)
Confirm with . or Enter, or press ? or * to list all spells.
Aiming: Magic Dart (safe; 7% risk of failure)
Press: ? - help, Shift-Dir - straight line, f/p - phantom
Aim: a phantom (translocational energy, severely damaged, 100% to hit)
The magic dart hits the phantom.
The phantom is severely damaged.
Casting: Magic Dart (safe; 7% risk of failure)
Confirm with . or Enter, or press ? or * to list all spells.
Aiming: Magic Dart (safe; 7% risk of failure)
Press: ? - help, Shift-Dir - straight line, f/p - phantom
Aim: a phantom (severely damaged, 100% to hit)
The magic dart hits the phantom.
The phantom is almost destroyed.
The phantom hits you but does no damage.
Unknown command.
Casting: Magic Dart (safe; 7% risk of failure)
Confirm with . or Enter, or press ? or * to list all spells.
Aiming: Magic Dart (safe; 7% risk of failure)
Press: ? - help, Shift-Dir - straight line, f/p - phantom
Aim: a phantom (almost destroyed, 100% to hit)
You miscast Magic Dart.
Nothing appears to happen.
The phantom hits you.
* * * LOW HITPOINT WARNING * * *
The phantom blinks!
You blink.
Unknown command.
Unknown command.
Casting: Magic Dart (safe; 7% risk of failure)
Confirm with . or Enter, or press ? or * to list all spells.
Aiming: Magic Dart (safe; 7% risk of failure)
Press: ? - help, Shift-Dir - straight line, f/p - phantom
Aim: a phantom (almost destroyed, 100% to hit)
You miscast Magic Dart.
Nothing appears to happen.
You feel stable enough to blink again. The phantom hits you.
You die...

.. #.# .##'###.#
......#.## #....#
## ###..# ..
#.###..### .#
#........# .#
#'.....##.# ###$#
##....)##.###@..#
#.....##.##W.###
#.....##...>##
#[.... ####.#
#..... #§# #.....
#§# #.# #.#####.#
#o......#


You could see a phantom.

Vanquished Creatures
  A jelly (D:4)
  An orc priest (D:4)
  A hound (D:4)
  7 adders
  3 dart slugs
  7 orcs
  10 endoplasms
  3 giant cockroaches
  7 goblins
  7 hobgoblins
  5 jackals (D:1)
  A quokka (D:1)
  6 ball pythons
  5 bats
  5 frilled lizards
  7 kobolds
  6 rats
82 creatures vanquished.

Vanquished Creatures (others)
  A plant (D:4)
1 creature vanquished.

Grand Total: 83 creatures vanquished

Notes
Turn   | Place    | Note
-------+----------+-------------------------------------------
     0 | D:1      | zazu2006 the Naga Hedge Wizard began the quest for the Orb.
     0 | D:1      | Reached XP level 1. HP: 15/15 MP: 4/4
   105 | D:1      | Reached XP level 2. HP: 22/22 MP: 4/6
   453 | D:1      | Found Viaronut's Assorted Antiques.
   516 | D:1      | Reached XP level 3. HP: 12/28 MP: 0/8
  1638 | D:1      | Learned a level 3 spell: Mephitic Cloud
  1642 | D:1      | Learned a level 3 spell: Conjure Flame
  1645 | D:1      | Learned a level 2 spell: Blink
  2078 | D:2      | Reached skill level 4 in Spellcasting
  2078 | D:2      | Reached XP level 4. HP: 33/37 MP: 1/10
  2415 | D:2      | Reached skill level 1 in Poison Magic
  2465 | D:2      | Found an ornate altar of the Wu Jian Council.
  2696 | D:2      | Found a faded altar of an unknown god.
  3276 | D:3      | Reached XP level 5. HP: 36/43 MP: 6/11
  3366 | D:3      | Found a sacrificial altar of Ru.
  3473 | D:3      | Found a shimmering blue altar of Sif Muna.
  4129 | D:4      | Reached XP level 6. HP: 19/50 MP: 6/13
  4432 | D:4      | HP: 2/50 [phantom (5)]
  4433 | D:4      | Slain by a phantom

Illustrated notes

Levels and vault maps discovered:
D:1:      psy_arrival_radial02, layout_basic, serial_shops,
          nicolae_shop_behind_doors
D:2:      layout_loops_ring, basic_altar,
          hellmonk_ecumenical_altar_pennies_from_heaven
D:3:      layout_loops_ring, nicolae_sif_muna_little_library,
          mainiacjoe_overflow_tiny_flanked, kennysheep_pointless_box
D:4:      layout_basic, serial_shops, shop, kennysheep_nondescript,
          chequers_serial_rivers_small_a, corexii_shack

Skill      XL: |  1  2  3  4  5 |
---------------+----------------+-----
Spellcasting   | 4 |  4.9
Poison Magic   | 1 3 |  3.0
Conjurations   | 2 |  2.0
Fighting       | |  0.9
Long Blades    | |  0.4
Dodging        | |  1.9
Stealth        | |  3.6
Summonings     | |  1.0
Translocations | |  1.0

Action                   |  1- 3 |  4- 6 || total
-------------------------+-------+-------++-------
Melee: Dagger            |    13 |       ||    13
       Falchion          |     5 |    14 ||    19
       Long sword        |       |    32 ||    32
 Cast: Magic Dart        |    71 |   117 ||   188
       Mephitic Cloud    |       |     2 ||     2
       Blink             |       |     1 ||     1
 Abil: Spit Poison       |    15 |     9 ||    24
  Use: Potion            |     2 |     2 ||     4
 Stab: Confused          |       |     1 ||     1
Armor: Robe              |     7 |    18 ||    25
Dodge: Dodged            |    28 |    47 ||    75

Table legend: (Time is in decaauts)
 A = Elapsed time spent in this place.
 B = Non-inter-level travel time spent in this place.
 C = Inter-level travel time spent in this place.
 D = Time resting spent in this place.
 E = Time spent auto-exploring this place.
 F = Levels seen in this place.
 G = Mean time per level.
                   A        B        C        D        E       F      G
               +--------+--------+--------+--------+--------+-----+--------+
         Total |   5234 |   5106 |    128 |      0 |   4505 |   4 | 1308.5 |
       Dungeon |   5234 |   5106 |    128 |      0 |   4505 |   4 | 1308.5 |
               +--------+--------+--------+--------+--------+-----+--------+

Top non-repeatable levels by time:
     D:1: 1969 daAuts
     D:2: 1314 daAuts
     D:3: 1270 daAuts
     D:4: 680 daAuts
